 Dungeon Crawl Stone Soup version 0.30.1-9-gdf580d7c3d (webtiles) character file.

Game seed: 17592204879421929255

1731 KittyFluff the Covered (level 9, -5/55 HPs)
             Began as a Gargoyle Berserker on Oct 21, 2023.
             Was an Elder of Trog.
             Slain by Maggie
             ... wielding a +0 long sword
              (10 damage)
             ... on level 7 of the Dungeon.
             The game lasted 00:22:17 (5895 turns).

KittyFluff the Covered (Gargoyle Berserker)         Turns: 5895, Time: 00:22:18

Health: -5/55      AC: 11    Str: 26    XL:     9   Next: 5%
Magic:  9/9        EV: 12    Int:  7    God:    Trog [****..]
Gold:   379        SH:  0    Dex:  9    Spells: 8/8 levels left

rFire   . . .        e - +0 mace (holy)
rCold   + . .        (no shield)
rNeg    + . .        n - +0 leather armour
rPois   ∞            j - +0 helmet
rElec   +            (no cloak)
rCorr   .            (no gloves)
SInv    .            (no boots)
Will    .....        (no amulet)
Stlth   +            E - ring of protection from cold
HPRegen 0.29/turn    (no ring)
MPRegen 0.11/turn

%: no passive effects
@: mesmerised
A: sickness immunity, AC +6, negative energy resistance 1, electricity
resistance, torment resistance 1, petrification resistance
a: Renounce Religion, Berserk, Trog's Hand, Brothers in Arms


You were on level 7 of the Dungeon.
You worshipped Trog.
Trog was greatly pleased with you.
You visited 1 branch of the dungeon, and saw 7 of its levels.

You collected 379 gold pieces.

Inventory:

Hand Weapons
 e - a +0 mace of holy wrath (weapon)
 g - a +0 shortbow
 y - a +0 quarterstaff
Missiles
 w - 12 boomerangs (quivered)
 x - 9 poisoned darts
 F - a curare-tipped dart
Armour
 j - a +0 helmet (worn)
 n - a +0 leather armour (worn)
 B - a +0 pair of boots
Jewellery
 E - a ring of protection from cold (left hand)
Wands
 A - a wand of paralysis (1)
Scrolls
 a - 2 scrolls of noise {unknown}
 c - a scroll of fog {unknown}
 f - a scroll of amnesia {unknown}
 h - 3 scrolls of teleportation
 i - 3 scrolls of immolation {unknown}
 k - 2 scrolls of summoning {unknown}
 l - a scroll of enchant armour {unknown}
 m - a scroll of acquirement {unknown}
 p - a scroll of brand weapon {unknown}
 r - 2 scrolls of fear {unknown}
 s - a scroll of vulnerability {unknown}
 D - a scroll of magic mapping
Potions
 b - 2 potions of ambrosia
 d - 2 potions of flight
 o - 4 potions of curing
 q - a potion of attraction {unknown}
 t - a potion of might {unknown}
 u - a potion of haste {unknown}
 v - 4 potions of heal wounds {unknown}
 z - a potion of mutation {unknown}
 C - a potion of berserk rage {unknown}


   Skills:
 + Level 5.9 Fighting
 * Level 7.2 Maces & Flails
 * Level 7.4 Armour
 + Level 4.1 Dodging


You had 8 spell levels left.
You didn't know any spells.
Your spell library was empty.

Dungeon Overview and Level Annotations

Branches:
Dungeon (7/15)             Temple (0/1) D:6

Altars:
Cheibriados
Fedhas
Gozag
Makhleb
Wu Jian

Shops:
D:4 :   D:6 =

Annotations:
D:7 Maggie, Prince Ribbit


Innate Abilities, Weirdness & Mutations

You are immune to sickness and miasma.
Your stone body is resilient. (AC +6)
You are immune to poison.
You resist negative energy. (rN+)
You are resistant to electric shocks. (rElec)
You are resistant to unholy torment.
You are immune to petrification.


Message History

You see here a +0 pair of boots.
B - a +0 pair of boots Maggie zaps a wand.
The mass of ice explodes!
The iceblast engulfs you. You partially resist.
You hear a croak.
Maggie hits you with a +0 long sword!
You hit Maggie but do no damage. Maggie hits you with a +0 long sword!
You sock Maggie!
Maggie is lightly wounded.
Prince Ribbit comes into view.
Maggie misses you.
You closely miss Maggie.
Maggie is lightly wounded.
Prince Ribbit croaks.
Maggie gestures wildly while chanting.
Maggie attempts to bespell you!
You are mesmerised by Maggie!
You hit Maggie.
Maggie is moderately wounded.
Maggie hits you with a +0 long sword!
You barely miss Maggie.
Maggie is moderately wounded.
Maggie gestures at you while chanting. The bolt of fire misses you.
You are too mesmerised to rage.
You closely miss Maggie.
Maggie is moderately wounded.
Prince Ribbit blinks!
Maggie gestures at you while chanting. The bolt of fire hits you!
* * * LOW HITPOINT WARNING * * *
You hit Maggie.
Maggie is moderately wounded.
Maggie mumbles some strange words.
Maggie draws you further into her thrall.
Prince Ribbit blinks!
You thump Maggie!
Maggie is heavily wounded.
Maggie hits you with a +0 long sword!
You die...

##### #....#
..... #..F.
..######## ...#
.........##..#
?.........@..#
..........@#
...........#
..$.>......#
...........#
......†....#
>.........##
.........## ####
#.##....######..#
...............#


You could see Maggie (mesmerising) and Prince Ribbit.

Vanquished Creatures
  2 water moccasins (D:5)
  A black bear (D:6)
  An ogre (D:5)
  2 centaurs
  2 phantoms (D:5)
  Blork the orc (D:5)
  A kobold brigand (D:6)
  A bullfrog (D:6)
  3 scorpions
  2 howler monkeys (D:5)
  4 hounds
  A jelly (D:5)
  2 orc priests
  A gnoll bouda (D:6)
  An iguana (D:5)
  Ijyb (D:5)
  3 orc wizards
  5 gnolls (D:6)
  9 adders
  3 worms
  2 dart slugs
  11 orcs
  7 ball pythons
  A bat (D:3)
  11 endoplasms
  4 giant cockroaches
  3 goblins
  7 hobgoblins
  4 jackals (D:4)
  11 kobolds
  5 quokkas
  2 frilled lizards
  6 rats
120 creatures vanquished.

Notes
Turn   | Place    | Note
-------+----------+-------------------------------------------
     0 | D:1      | KittyFluff the Gargoyle Berserker began the quest for the
                  | Orb.
     0 | D:1      | Reached XP level 1. HP: 14/14 MP: 1/1
   347 | D:1      | Reached XP level 2. HP: 17/19 MP: 2/2
  1093 | D:2      | Reached XP level 3. HP: 16/23 MP: 3/3
  1260 | D:2      | Reached ** piety under Trog
  1444 | D:2      | Reached XP level 4. HP: 28/29 MP: 4/4
  1954 | D:3      | Found a burning altar of Makhleb.
  1996 | D:3      | Found an ornate altar of the Wu Jian Council.
  2202 | D:3      | You fall into a shaft and drop 1 floor!
  2210 | D:4      | Reached XP level 5. HP: 31/33 MP: 5/5
  2326 | D:4      | Reached *** piety under Trog
  2391 | D:4      | Found Esugon's Self-Improvement Boutique.
  2562 | D:4      | Identified the +7 short sword "Zyatzex" {drain, rF+ rC+
                  | Will+ Str+3}
  2798 | D:5      | Entered Level 5 of the Dungeon
  2798 | D:5      | Noticed a water moccasin
  2805 | D:5      | Killed a water moccasin
  2806 | D:5      | Reached XP level 6. HP: 19/38 MP: 6/6
  2944 | D:5      | Noticed Blork the orc
  2956 | D:5      | Killed Blork the orc
  3007 | D:5      | Noticed Ijyb
  3008 | D:5      | Paralysed by Ijyb for 4 turns
  3013 | D:5      | Paralysed by Ijyb for 5 turns
  3034 | D:5      | Killed Ijyb
  3035 | D:5      | Reached skill level 5 in Maces & Flails
  3114 | D:5      | Reached XP level 7. HP: 38/44 MP: 7/7
  3118 | D:5      | Reached skill level 5 in Armour
  3536 | D:5      | Reached skill level 5 in Fighting
  3544 | D:5      | Reached XP level 8. HP: 35/49 MP: 8/8
  4470 | D:6      | Found an opulent altar of Gozag.
  4482 | D:6      | Found Ajatour's Jewellery Boutique.
  4922 | D:6      | Found a blossoming altar of Fedhas.
  5143 | D:6      | Found a staircase to the Ecumenical Temple.
  5506 | D:6      | Reached **** piety under Trog
  5621 | D:6      | Found a snail-covered altar of Cheibriados.
  5632 | D:6      | Reached XP level 9. HP: 49/55 MP: 9/9
  5879 | D:7      | Noticed Maggie
  5889 | D:7      | Noticed Prince Ribbit
  5895 | D:7      | Slain by Maggie

Illustrated notes

Levels and vault maps discovered:
D:1:      minmay_arrival_shoal_huts, layout_basic
D:2:      layout_loops_corners
D:3:      layout_rooms, bloody_makhleb, marbit_many_paths
D:4:      layout_rooms, nicolae_shop_self_help
D:5:      minmay_angry_zag, layout_basic, kennysheep_potato, uniq_blork_the_orc,
          uniq_ijyb
D:6:      layout_loops_ring, lemuel_crystal_altar,
          mainiacjoe_overflow_concentric_impassable, kennysheep_slug_shrine,
          minmay_temple_entry_from_below_a, serial_shops, kennysheep_little_box,
          kennysheep_donut, chequers_serial_rivers_large_b
D:7:      layout_rooms, kennysheep_mini, tgw_kikubaaqudgha,
          ebering_ghost_reflecting_pool, uniq_maggie, uniq_joseph, uniq_duvessa,
          uniq_prince_ribbit1

Skill      XL: |  1  2  3  4  5  6  7  8 |
---------------+-------------------------+-----
Armour         | 3 4 5 7 |  7.4
Dodging        | 2 3 4 |  4.1
Maces & Flails | 4 5 7 |  7.2
Fighting       | 4 5 |  5.9

Action                     |  1- 3 |  4- 6 |  7- 9 || total
---------------------------+-------+-------+-------++-------
  Melee: Mace              |    97 |   210 |   330 ||   637
         Punch             |     1 |       |     1 ||     2
 Invoke: Berserk           |       |     1 |     1 ||     2
    Use: Scroll            |       |     1 |     8 ||     9
         Potion            |       |       |     1 ||     1
 Armour: Animal skin       |    16 |       |       ||    16
         Leather armour    |     8 |    82 |   160 ||   250
  Dodge: Dodged            |    70 |   141 |   219 ||   430
